 Dungeon Crawl Stone Soup version 0.29-a0-925-g0a7a3d12f8 (webtiles) character file.

Game seed: 1065009130282710806

200 enile the Trooper (level 6, -3/49 HPs)
             Began as a Formicid Earth Elementalist on July 30, 2022.
             Splashed by a jelly's acid (8 damage)
             ... on level 4 of the Dungeon.
             The game lasted 00:03:25 (2534 turns).

enile the Trooper (Formicid Earth Elementalist)     Turns: 2534, Time: 00:03:26

Health: -3/49      AC: -6    Str: 13    XL:     6   Next: 6%
Magic:  1/12       EV: 12    Int: 16    God:
Gold:   145        SH:  0    Dex: 14    Spells: 10/13 levels left

rFire   . . .      SeeInvis +   h - +0 short sword
rCold   . . .      Faith    .   (no shield)
rNeg    . . .      Spirit   .   a - +0 robe
rPois   .          Reflect  .   (helmet unavailable)
rElec   .          Harm     .   (no cloak)
rCorr   .          Rampage  .   (no gloves)
Will    .....                   (no boots)
Stlth   ++........              (no amulet)
HPRegen 0.16/turn               (no ring)
MPRegen 0.13/turn               (no ring)

@: corroded
A: permanent stasis, dig shafts and tunnels, antennae 3, four strong arms
a: Dig, Shaft Self


You were on level 4 of the Dungeon.
You visited 1 branch of the dungeon, and saw 4 of its levels.

You collected 145 gold pieces.

Inventory:

Hand Weapons
 h - a +0 short sword (weapon)
Missiles
 j - 4 silver javelins
Armour
 a - a +0 robe (worn)
Scrolls
 f - 4 scrolls of identify {unknown}
 g - a scroll of vulnerability {unknown}
 i - a scroll of fear {unknown}
 l - a scroll of noise {unknown}
 m - a scroll of magic mapping {unknown}
Potions
 b - a potion of magic
 c - a potion of curing {unknown}
 d - a potion of resistance {unknown}
 e - a potion of might
 k - 2 potions of brilliance {unknown}


   Skills:
 + Level 4.4 Fighting
 - Level 2.0 Dodging
 - Level 2.4 Stealth
 - Level 4.0 Spellcasting
 - Level 1.1 Transmutations
 - Level 3.6 Earth Magic


You had 10 spell levels left.
You knew the following spells:

 Your Spells              Type           Power      Damage    Failure   Level
a - Sandblast             Erth           28%        2d8       3%          1
b - Passwall              Tmut/Erth      8%         N/A       10%         2

Your spell library contained the following spells:

 Spells                   Type           Power      Damage    Failure   Level
 Stone Arrow              Conj/Erth      18%        3d8       24%         3
 Ozocubu's Armour         Ice            3%         N/A       45%         3
 Petrify                  Tmut/Erth      10%        N/A       54%         4
 Ozocubu's Refrigeration  Ice            1%         4d5       100%        7


Dungeon Overview and Level Annotations

Branches:
Dungeon (3/15)

Altars:

Shops:
D:2 (

Annotations:
D:3 Sigmund


Innate Abilities, Weirdness & Mutations

You cannot be hasted, slowed, berserked, paralysed or teleported.
You can dig through walls and to a lower floor.
You have a pair of large antennae on your head. (SInv)
Your four strong arms can wield two-handed weapons with a shield.


Message History

You kill the ball python!
The jelly misses you.
Casting: Sandblast (safe; 3% risk of failure)
Confirm with . or Enter, or press ? or * to list all spells.
Aiming: Sandblast (safe; 3% risk of failure)
Press: ? - help, Shift-Dir - straight line, f - jelly
Aim: a jelly (100% to hit)
The blast of sand hits the jelly!
The jelly is moderately wounded.
The jelly closely misses you. The jelly misses you.
Casting: Sandblast (safe; 3% risk of failure)
Confirm with . or Enter, or press ? or * to list all spells.
Aiming: Sandblast (safe; 3% risk of failure)
Press: ? - help, Shift-Dir - straight line, f/p - jelly
Aim: a jelly (moderately wounded, 100% to hit)
The blast of sand hits the jelly!
The jelly is heavily wounded.
The jelly hits you. The acid corrodes you!
You are splashed with acid!
The jelly hits you. The acid corrodes you!
You are splashed with acid!
Casting: Sandblast (safe; 3% risk of failure)
Confirm with . or Enter, or press ? or * to list all spells.
Aiming: Sandblast (safe; 3% risk of failure)
Press: ? - help, Shift-Dir - straight line, f/p - jelly
Aim: a jelly (heavily wounded, 100% to hit)
The blast of sand hits the jelly!
The jelly is severely wounded.
The jelly barely misses you. The jelly misses you.
Casting: Sandblast (safe; 3% risk of failure)
Confirm with . or Enter, or press ? or * to list all spells.
Aiming: Sandblast (safe; 3% risk of failure)
Press: ? - help, Shift-Dir - straight line, f/p - jelly
Aim: a jelly (severely wounded, 100% to hit)
The blast of sand hits the jelly.
The jelly is severely wounded.
The jelly hits you.
You are splashed with acid!
* * * LOW HITPOINT WARNING * * *
The jelly hits you.
* * * LOW HITPOINT WARNING * * *
The acid corrodes you!
You are splashed with acid!
You die...

#....#............
##..####..###..##.
##..####..####.#######
#..................... {
#.....#...............
#.....#...............
+.....#...............
##..####.###J##...##.#
#..# #... #@# .?.#
........##.....##.......
........#......
.....<... ..##.......
...#....# # #.####
######### .. #.. ##


You could see a jelly.

Vanquished Creatures
  Menkaure (D:4)
  3 gnolls
  3 adder zombies (D:2)
  A worm (D:3)
  4 ball pythons
  3 endoplasms
  A giant cockroach (D:2)
  3 goblins
  4 hobgoblins
  2 quokkas
  A ball python skeleton (D:2)
  5 bats
  2 frilled lizards
  A jackal zombie (D:2)
  7 kobolds
  A quokka zombie (D:2)
  4 rats (D:1)
46 creatures vanquished.

Vanquished Creatures (others)
  2 plants (D:3)
  A withered plant (D:2)
3 creatures vanquished.

Grand Total: 49 creatures vanquished

Notes
Turn   | Place    | Note
-------+----------+-------------------------------------------
     0 | D:1      | enile the Formicid Earth Elementalist began the quest for
                  | the Orb.
     0 | D:1      | Reached XP level 1. HP: 13/13 MP: 3/3
   491 | D:1      | Reached skill level 1 in Fighting
   574 | D:1      | Reached XP level 2. HP: 22/22 MP: 1/5
   863 | D:1      | Reached XP level 3. HP: 28/28 MP: 3/6
  1299 | D:2      | Learned a level 2 spell: Passwall
  1651 | D:2      | Found Wathysad's Weapon Shoppe.
  1787 | D:2      | Reached XP level 4. HP: 24/35 MP: 3/8
  2041 | D:3      | Noticed Sigmund
  2353 | D:3      | You fall into a shaft and drop 1 floor!
  2521 | D:4      | Noticed Menkaure
  2529 | D:4      | Killed Menkaure
  2530 | D:4      | Reached XP level 5. HP: 32/43 MP: 5/11
  2530 | D:4      | Reached XP level 6. HP: 37/49 MP: 5/12
  2534 | D:4      | Splashed by a jelly's acid

Illustrated notes

Levels and vault maps discovered:
D:1:      minmay_arrival_stone_box, layout_basic, minivault_27
D:2:      layout_rooms, serial_shops, nicolae_shop_bloodbath_and_beyond,
          serial_undead, serial_undead_c, serial_undead_e, serial_undead_a,
          serial_undead_b, serial_undead_e, serial_undead_f, minmay_ruptured
D:3:      layout_loops_corners, okawaru_ov_weapons_minmay,
          nemelex_dance_club_becter, minitemple, gammafunk_ghost_mausoleum,
          serial_forest, infiniplex_forest_end_double,
          infiniplex_forest_lined_2, infiniplex_forest_diagonal,
          infiniplex_forest_clump_double, infiniplex_forest_end_2,
          infiniplex_forest_lined_2, infiniplex_forest_clump_double,
          infiniplex_forest_fountain, infiniplex_forest_clump_double,
          uniq_sigmund
D:4:      layout_gridville, lemuel_round_altar, serial_shops, shop,
          uniq_menkaure

Skill      XL: |  1  2  3  4 |
---------------+-------------+-----
Fighting       | 2 3 4 |  4.4
Spellcasting   | 4 |  4.0
Dodging        | 2 |  2.0
Stealth        | |  2.4
Transmutations | |  1.1
Earth Magic    | |  3.6

Action                   |  1- 3 |  4- 6 || total
-------------------------+-------+-------++-------
Melee: Unarmed           |     1 |       ||     1
       Short sword       |     3 |     1 ||     4
 Cast: Sandblast         |    53 |    25 ||    78
 Abil: Dig               |       |     1 ||     1
       Shaft Self        |       |     1 ||     1
  Use: Scroll            |       |     1 ||     1
Armor: Robe              |     4 |       ||     4
Dodge: Dodged            |    14 |    13 ||    27

Table legend: (Time is in decaauts)
 A = Elapsed time spent in this place.
 B = Non-inter-level travel time spent in this place.
 C = Inter-level travel time spent in this place.
 D = Time resting spent in this place.
 E = Time spent auto-exploring this place.
 F = Levels seen in this place.
 G = Mean time per level.
                   A        B        C        D        E       F      G
               +--------+--------+--------+--------+--------+-----+--------+
         Total |   2610 |   2544 |     66 |      0 |   2142 |   4 |  652.5 |
       Dungeon |   2610 |   2544 |     66 |      0 |   2142 |   4 |  652.5 |
               +--------+--------+--------+--------+--------+-----+--------+

Top non-repeatable levels by time:
     D:1: 1271 daAuts
     D:2: 819 daAuts
     D:3: 329 daAuts
     D:4: 189 daAuts
